 Dungeon Crawl Stone Soup version 0.29.1-14-g9c671dbff4 (webtiles) character file.

Game seed: 14987721954128494842

111 leafyfresh the Covert (level 4, -3/41 HPs)
             Began as a Gnoll Delver on Feb 13, 2023.
             Slain by a gnoll
             ... wielding a +0 club
              (4 damage)
             ... on level 5 of the Dungeon.
             The game lasted 00:02:21 (1187 turns).

leafyfresh the Covert (Gnoll Delver)                Turns: 1187, Time: 00:02:21

Health: -3/41      AC:  3    Str: 11    XL:     4   Next: 92%
Magic:  6/6        EV: 13    Int: 10    God:
Gold:   43         SH:  4    Dex: 15    Spells: 5/5 levels left

rFire   . . .      SeeInvis .   i - +1 falchion (holy)
rCold   . . .      Faith    .   e - +0 buckler
rNeg    . . .      Spirit   .   b - +0 leather armour
rPois   .          Reflect  .   (no helmet)
rElec   .          Harm     .   (no cloak)
rCorr   .          Rampage  .   (no gloves)
Will    .....                   (no boots)
Stlth   ++++......              (no amulet)
HPRegen 0.13/turn               (no ring)
MPRegen 0.10/turn               (no ring)

@: no status effects
A: fangs 1, strong nose, distributed training
a: no special abilities


You were on level 5 of the Dungeon.
You visited 1 branch of the dungeon, and saw 2 of its levels.

You collected 43 gold pieces.

Inventory:

Hand Weapons
 a - a +0 spear
 h - a +0 sling
 i - a +1 falchion of holy wrath (weapon)
Armour
 b - a +0 leather armour (worn)
 e - a +0 buckler (worn)
Wands
 g - a wand of digging (3)
Scrolls
 c - a scroll of fog
 d - a scroll of magic mapping
Potions
 f - a potion of haste


   Skills:
 + Level 6.6 Fighting
 + Level 1.3 Short Blades
 + Level 1.3 Long Blades
 + Level 1.3 Axes
 + Level 1.3 Maces & Flails
 + Level 4.7 Polearms
 + Level 1.3 Staves
 + Level 1.3 Ranged Weapons
 + Level 1.3 Throwing
 + Level 1.3 Armour
 + Level 4.7 Dodging
 + Level 9.6 Stealth
 + Level 1.3 Shields
 + Level 1.3 Unarmed Combat
 + Level 1.3 Spellcasting
 + Level 1.1 Conjurations
 + Level 1.1 Hexes
 + Level 1.1 Summonings
 + Level 1.1 Necromancy
 + Level 1.1 Translocations
 + Level 1.1 Transmutations
 + Level 1.1 Fire Magic
 + Level 1.1 Ice Magic
 + Level 1.1 Air Magic
 + Level 1.1 Earth Magic
 + Level 1.1 Poison Magic
 + Level 1.5 Invocations
 + Level 1.3 Evocations


You had 5 spell levels left.
You didn't know any spells.
Your spell library was empty.

Dungeon Overview and Level Annotations

Branches:
Dungeon (6/15)
 Temple: D:4-7

Altars:
Uskayaw


Innate Abilities, Weirdness & Mutations

You have very sharp teeth.
Your uncanny sense of smell can sniff out nearby items.
Your experience applies equally to all skills.


Message History

Unknown command.
You hit the gnoll.
You kill the gnoll!
You barely miss the gnoll. You bite the gnoll, but do no damage.
You block the gnoll's attack. The gnoll hits you with a +0 club.
The gnoll hits you from afar with a +0 spear!
You barely miss the gnoll. The gnoll closely misses you.
The gnoll hits you with a +0 club.
The shadow slips into darkness.
The shadow flickers and vanishes!
Deactivating autopickup; reactivate with Ctrl-A.
Unknown command.
Unknown command.
You hit the gnoll.
The gnoll is lightly wounded.
The gnoll misses you.
The gnoll hits you from afar with a +0 spear!
* * * LOW HITPOINT WARNING * * *
You hit the gnoll.
The gnoll is heavily wounded.
The gnoll hits you with a +0 club.
* * * LOW HITPOINT WARNING * * *
The gnoll hits you from afar with a +0 spear.
* * * LOW HITPOINT WARNING * * *
The gnoll closely misses you.
The gnoll hits you from afar with a +0 spear.
* * * LOW HITPOINT WARNING * * *
You barely miss the gnoll.
The gnoll is heavily wounded.
The gnoll closely misses you.
You hit the gnoll but do no damage.
The gnoll is heavily wounded.
The gnoll misses you. The gnoll closely misses you.
You completely miss the gnoll.
The gnoll is heavily wounded.
You block the gnoll's attack.
You barely miss the gnoll.
The gnoll is heavily wounded.
The gnoll hits you with a +0 club.
You die...

#.# ##..#
#.# ##...#
#.###†.#..#
#....####.#
##..## #.#
#.## #.#
##gg# #.#
##g##.# .#
#@## #.#
### ##


You could see 3 gnolls.

Vanquished Creatures
  A howler monkey (D:6)
  A hound (D:5)
  2 gnolls
  2 adders (D:5)
  An orc (D:6)
7 creatures vanquished.

Notes
Turn   | Place    | Note
-------+----------+-------------------------------------------
     0 | D:5      | Reached skill level 9 in Stealth
     0 | D:5      | leafyfresh the Gnoll Delver began the quest for the Orb.
     0 | D:5      | Reached XP level 1. HP: 23/23 MP: 1/1
    28 | D:5      | Noticed a hound
    38 | D:5      | Killed a hound
    39 | D:5      | Reached XP level 2. HP: 17/29 MP: 1/3
    39 | D:5      | Reached XP level 3. HP: 21/35 MP: 1/4
   207 | D:5      | Reached skill level 1 in Invocations
   343 | D:5      | Noticed an ogre
   353 | D:5      | Noticed an ogre
   710 | D:6      | Reached skill level 1 in Short Blades
   710 | D:6      | Reached skill level 1 in Long Blades
   710 | D:6      | Reached skill level 1 in Axes
   710 | D:6      | Reached skill level 1 in Maces & Flails
   710 | D:6      | Reached skill level 1 in Staves
   710 | D:6      | Reached skill level 1 in Ranged Weapons
   710 | D:6      | Reached skill level 1 in Throwing
   710 | D:6      | Reached skill level 1 in Armour
   710 | D:6      | Reached skill level 1 in Shields
   710 | D:6      | Reached skill level 1 in Unarmed Combat
   710 | D:6      | Reached skill level 1 in Spellcasting
   710 | D:6      | Reached skill level 1 in Evocations
  1019 | D:6      | Reached skill level 1 in Conjurations
  1019 | D:6      | Reached skill level 1 in Hexes
  1019 | D:6      | Reached skill level 1 in Summonings
  1019 | D:6      | Reached skill level 1 in Necromancy
  1019 | D:6      | Reached skill level 1 in Translocations
  1019 | D:6      | Reached skill level 1 in Transmutations
  1019 | D:6      | Reached skill level 1 in Fire Magic
  1019 | D:6      | Reached skill level 1 in Ice Magic
  1019 | D:6      | Reached skill level 1 in Air Magic
  1019 | D:6      | Reached skill level 1 in Earth Magic
  1019 | D:6      | Reached skill level 1 in Poison Magic
  1019 | D:6      | Reached XP level 4. HP: 41/41 MP: 5/5
  1070 | D:6      | Found a hide-covered altar of Uskayaw.
  1175 | D:5      | Noticed a shadow
  1183 | D:5      | HP: 1/41 [gnoll/+0 spear (6)]
  1187 | D:5      | Slain by a gnoll

Illustrated notes

Levels and vault maps discovered:
D:5:      layout_layer_cave, eino_curves_04, uniq_duvessa
D:6:      cheibrodos_helix_gallery, layout_rooms,
          nicolae_overflow_crystal_walls, minmay_temple_entry_fiery,
          minmay_tree_intersection

Skill      XL: |  1  2  3 |
---------------+----------+-----
Stealth        | |  9.6
Invocations    | 1 |  1.5
Short Blades   | 1 |  1.3
Long Blades    | 1 |  1.3
Axes           | 1 |  1.3
Maces & Flails | 1 |  1.3
Staves         | 1 |  1.3
Ranged Weapons | 1 |  1.3
Throwing       | 1 |  1.3
Armour         | 1 |  1.3
Shields        | 1 |  1.3
Unarmed Combat | 1 |  1.3
Spellcasting   | 1 |  1.3
Evocations     | 1 |  1.3
Conjurations   | 1 |  1.1
Hexes          | 1 |  1.1
Summonings     | 1 |  1.1
Necromancy     | 1 |  1.1
Translocations | 1 |  1.1
Transmutations | 1 |  1.1
Fire Magic     | 1 |  1.1
Ice Magic      | 1 |  1.1
Air Magic      | 1 |  1.1
Earth Magic    | 1 |  1.1
Poison Magic   | 1 |  1.1
Fighting       | |  6.6
Polearms       | |  4.7
Dodging        | |  4.7

Action                   |  1- 3 |  4- 6 || total
-------------------------+-------+-------++-------
Melee: Spear             |    10 |       ||    10
       Falchion          |     4 |    19 ||    23
       Bite              |     3 |     4 ||     7
 Fire: Sling             |    23 |     2 ||    25
  Use: Scroll            |     1 |       ||     1
Armor: Leather armour    |     2 |       ||     2
Dodge: Dodged            |    22 |    12 ||    34
Block: Buckler           |       |    10 ||    10
